 Dungeon Crawl Stone Soup version 0.30.1 (webtiles) character file.

Game seed: 3970635399140656796

40201 spardeous the Nimble (level 13, -11/57 HPs)
             Began as a Felid Earth Elementalist on July 9, 2023.
             Was an Initiate of Gozag.
             Killed from afar by a hell hound (25 damage)
             ... with a blast of flame
             ... led by Azrael
             ... on level 12 of the Dungeon on July 10, 2023.
             The game lasted 01:06:08 (26833 turns).

spardeous the Nimble (Felid Earth Elementalist)    Turns: 26833, Time: 01:06:09

Health: -11/57     AC:  7    Str:  4    XL:     13   Next: 73%
Magic:  26/37      EV: 27    Int: 21    God:    Gozag
Gold:   1436       SH:  0    Dex: 17    Spells: 13/32 levels left
                                        Lives:  0   Deaths: 4

rFire   . .          .
                       - Unarmed
rCold   + . .        (shield unavailable)
rNeg    . . .        (body armour unavailable)
rPois   .            (helmet unavailable)
rElec   .            (cloak unavailable)
rCorr   .            (gloves unavailable)
SInv    +            (boots unavailable)
Will    +....        t - amulet of magic regeneration
Stlth   +++          G - +4 ring of protection
HPRegen 0.29/turn    e - ring of magical power
MPRegen 0.65/turn

%: no passive effects
@: gold aura, quick
A: very small, claws 1, fangs 3, see invisible, speed 1, shaggy fur 3, stealthy
paws, no weapons or thrown items, no armour, multi-lived, antennae 1, no potion
heal 1
a: Renounce Religion, Potion Petition, Call Merchant, Bribe Branch


You were on level 12 of the Dungeon.
You worshipped Gozag.
Gozag was most pleased with you.
You visited 3 branches of the dungeon, and saw 18 of its levels.
You also visited: Ice Cave.

You collected 5446 gold pieces.
You spent 907 gold pieces at shops.
You paid 3103 gold pieces to Gozag.

Inventory:

Jewellery
 e - a ring of magical power (right paw)
 s - a ring of fire
 t - an amulet of magic regeneration (around neck)
 z - a +6 ring of strength
 A - a +4 ring of protection
 C - a ring of ice
 G - a +4 ring of protection (left paw)
 I - an amulet of guardian spirit
 J - a ring of resist corrosion
Wands
 b - a wand of charming (31)
 f - a wand of roots (12)
 j - a wand of quicksilver (8)
 m - a wand of mindburst (20)
 M - a wand of flame (13)
 N - a wand of polymorph (11)
 Q - a wand of digging (7)
Scrolls
 c - 10 scrolls of vulnerability
 d - 4 scrolls of immolation
 g - 6 scrolls of teleportation
 k - 5 scrolls of poison
 n - a scroll of brand weapon
 o - 2 scrolls of torment
 p - 3 scrolls of amnesia
 v - 5 scrolls of enchant weapon
 y - 3 scrolls of enchant armour
 B - a scroll of silence
 E - 7 scrolls of noise
 F - 2 scrolls of fog
 K - 2 scrolls of identify
 R - a scroll of fear {unknown}
Potions
 a - 5 potions of magic
 h - 4 potions of might
 i - 2 potions of berserk rage
 l - 2 potions of brilliance
 q - 3 potions of flight
 r - 3 potions of ambrosia
 u - 3 potions of degeneration
 w - 2 potions of heal wounds
 x - 4 potions of attraction
 D - a potion of lignification
 H - 2 potions of haste
 O - a potion of cancellation
 P - a potion of curing
Miscellaneous
 L - a piece from Xom's chessboard (15/15)


   Skills:
 - Level 7.0 Fighting
 - Level 14.0 Dodging
 - Level 5.1 Stealth
 - Level 5.0 Unarmed Combat
 - Level 10.0 Spellcasting
 - Level 10.0 Conjurations
 - Level 5.2 Necromancy
 + Level 11.5 Transmutations
 - Level 11.0 Earth Magic


You had 13 spell levels left.
You knew the following spells:

 Your Spells              Type           Power      Damage    Failure   Level
a - Sandblast             Erth           100%       2d20      1%          1
b - Stone Arrow           Conj/Erth      100%       3d13      1%          3
c - Petrify               Tmut/Erth      55%        N/A       1%          4
d - Statue Form           Tmut/Erth      36%        N/A       10%         6
e - Borgnjor's Vile Clut  Necr/Erth      22%        N/A       6%          5

Your spell library contained the following spells:

 Spells                   Type           Power      Damage    Failure   Level
 Foxfire                  Conj/Fire      100%       2x1d9     1%          1
 Necrotise                Necr           100%       1d9       1%          1
 Shock                    Conj/Air       100%       1d9       1%          1
 Momentum Strike          Conj/Tloc      62%        3d9       1%          2
 Passwall                 Tmut/Erth      45%        N/A       1%          2
 Spider Form              Tmut/Pois      34%        N/A       1%          3
 Lee's Rapid Deconstruct  Erth           27%        3d14*     1%          5
 Summon Small Mammal      Summ           40%        N/A       6%          1
 Flame Wave               Conj/Fire      31%        2d9       9%          4
 Fulminant Prism          Conj/Hex       15%        3d10      9%          4
 Iskenderun's Mystic Bla  Conj/Tloc      31%        2d8       9%          4
 Blink                    Tloc           20%        N/A       10%         2
 Ensorcelled Hibernation  Hex/Ice        20%        N/A       10%         2
 Lesser Beckoning         Tloc           20%        N/A       10%         2
 Scorch                   Fire           20%        2d5       10%         2
 Alistair's Intoxication  Tmut/Pois      22%        N/A       17%         5
 Volatile Blastmotes      Fire/Tloc      20%        2d11      19%         3
 Anguish                  Hex/Necr       10%        N/A       22%         4
 Fireball                 Conj/Fire      15%        3d8       22%         5
 Summon Ice Beast         Ice/Summ       10%        N/A       54%         4
 Eringya's Noxious Bog    Tmut/Pois      17%        N/A       67%         6
 Death Channel            Necr           16%        N/A       75%         6
 Starburst                Conj/Fire      15%        6d6       77%         6
 Summon Forest            Summ/Tloc      5%         N/A       87%         5
 Summon Mana Viper        Hex/Summ       10%        N/A       87%         5
 Lehudib's Crystal Spear  Conj/Erth      26%        10d7      99%         8
 Dispersal                Tloc           5%         N/A       100%        6
 Plasma Beam              Fire/Air       5%         2x1d17    100%        6
 Summon Cactus Giant      Summ           5%         N/A       100%        6
 Monstrous Menagerie      Summ           5%         N/A       100%        7
 Summon Hydra             Summ           5%         N/A       100%        7
 Animate Armour           Summ/Erth      Unusable   N/A       N/A         4
 Animate Dead             Necr           Unusable   N/A       N/A         4

Dungeon Overview and Level Annotations

Branches:
Dungeon (12/15)            Temple (1/1) D:5            Lair (5/5) D:9
 Shoals (0/4) Lair:3       Spider (0/4) Lair:2        Slime (0/5) Lair:4
    Orc (0/2) D:12          IceCv (visited)

Altars:
Ashenzari
Cheibriados
Dithmenos
Elyvilon
Fedhas
Gozag
Hepliaklqana
Kikubaaqudgha
Makhleb
Nemelex Xobeh
Okawaru
Qazlal
Ru
Sif Muna
Trog
Uskayaw
Vehumet
Wu Jian
Xom
Yredelemnul
Zin
The Shining One
Jiyva

Shops:
D:5 *[!?   D:9 ==::   D:10 *

Portals:
Hell: Lair:5

Annotations:
D:11 2 transporters, RivsDCSS's ghost, journeyman GrFi
D:12 Azrael


Innate Abilities, Weirdness & Mutations

You have sharp claws.
You have razor-sharp teeth.
You have supernaturally acute eyesight. (SInv)
You cover ground quickly. (Speed+)
Your thick and shaggy fur keeps you warm. (AC +3, rC+)
Your paws help you pounce on unaware monsters.
You are incapable of wielding weapons or throwing items.
You cannot wear armour.
You gain extra lives every three experience levels.
You have a pair of small antennae on your head.
Potions are less effective at restoring your health.


Message History

Confirm with . or Enter, or press ? or * to list all spells.
Aiming: Stone Arrow (safe; 1% risk of failure)
Press: ? - help, Shift-Dir - straight line, f - hell hound
Aim: a hell hound (catching its breath, 69% to hit)
The stone arrow hits the hell hound!!
The hell hound is almost dead.
The hell hound completely misses you. The hell hound barely misses you.
Casting: Stone Arrow (safe; 1% risk of failure)
Confirm with . or Enter, or press ? or * to list all spells.
Aiming: Stone Arrow (safe; 1% risk of failure)
Press: ? - help, Shift-Dir - straight line, f/p - hell hound
Aim: a hell hound (almost dead, 69% to hit)
The stone arrow misses the hell hound.
The stone arrow hits the hell hound!
The hell hound is heavily wounded.
The hell hound breathes flames at you. The blast of flame hits you!!
Okay, then.
Okay, then.
Okay, then.
Casting: Stone Arrow (safe; 1% risk of failure)
Confirm with . or Enter, or press ? or * to list all spells.
Okay, then.
As you read the scroll of fog, it crumbles to dust.
The scroll dissolves into smoke.
The hell hound barely misses you.
The hell hound misses you. x2; The hell hound completely misses you.
The hell hound attacks as you move away!
The hell hound bites you!
* * * LOW HITPOINT WARNING * * *
The hell hound attacks as you move away!
The hell hound completely misses you.
The hell hound attacks as you move away!
The hell hound bites you!
* * * LOW HITPOINT WARNING * * *
There is a stone staircase leading up here.
Your system partially rejects the healing.
You feel much better. The hell hound breathes flames at you.
The blast of flame hits you!!
You die...
Your body crumbles into a pile of gold.

#h #.h.# #######..°#
.<.......☼#
........°°###########
..........°☼R§§§....#
. .........§§§§§...#
#####>.......§§§§...#
....#........§§h@...#
....#.......§§§h....#
....#.........).....#
....###.............#
......#.............#
###'###......###'#..#
.............+...#..#
#######'####.#...#..#
...........#.#...#..#


You could see 2 hell hounds.

Vanquished Creatures
  Jorgrun (D:12)
  Josephine (Lair:5)
  Erolcha (D:11)
  3 hydras
  An ogre mage (D:11)
  8 two-headed ogres
  A centaur warrior (D:9)
  A catoblepas (Lair:3)
  4 boulder beetles
  A death yak (Lair:5)
  Nergalle (D:11)
  2 skysharks
  A sun demon (Lair:5)
  Lodul (D:12)
  A lindwurm (Lair:5)
  A bog body (IceCv)
  A necromancer (IceCv)
  A wizard (Lair:5)
  2 cyclopes (D:12)
  2 ugly things
  7 elephants
  2 ice statues (IceCv)
  3 black mambas
  Joseph (D:7)
  2 gargoyles (D:10)
  A torpor snail (Lair:3)
  2 orange demons (Lair:5)
  13 cane toads
  7 rime drakes
  Maggie (D:7)
  5 ice devils
  12 komodo dragons
  3 anaconda simulacra (IceCv)
  A red devil (Lair:5)
  3 trolls
  A hellwing (Lair:5)
  A polar bear (Lair:1)
  18 blink frogs
  2 hornets
  5 dream sheep (Lair:3)
  Sigmund (D:2)
  A shadow (D:12)
  4 wyverns
  7 wraiths
  A dire elephant simulacrum (IceCv)
  2 fire elementals (D:12)
  37 yaks
  3 basilisks
  3 steam dragons
  2 redbacks (Lair:2)
  2 vampire mosquitoes (D:8)
  Menkaure (D:6)
  3 acid dragons
  4 harpy simulacra (IceCv)
  12 water moccasins
  2 hydra simulacra (IceCv)
  6 hell hounds
  2 orc warriors
  An ice beast (D:5)
  3 black bears
  10 ogres
  A sky beast (D:7)
  7 wolves (Lair:4)
  9 centaurs
  3 kobold brigands
  A phantom (D:5)
  18 bullfrogs
  2 gnoll sergeants
  2 scorpions
  A cane toad simulacrum (IceCv)
  A two-headed ogre simulacrum (IceCv)
  4 wights (D:9)
  15 killer bees
  3 howler monkeys
  6 electric eels
  6 lava snakes (Lair:4)
  A jelly (D:6)
  2 hounds (D:6)
  8 orc priests
  A gnoll bouda (D:10)
  3 sleepcaps
  4 iguanas
  10 orc wizards
  A polar bear simulacrum (IceCv)
  2 wolf simulacra (IceCv)
  14 gnolls
  6 adders
  14 white imps
  4 ufetubi
  A worm (D:2)
  48 orcs
  4 ball pythons
  6 bats
  3 endoplasms
  2 giant cockroaches (D:4)
  11 goblins
  7 hobgoblins
  4 jackals (D:2)
  4 quokkas
  A frilled lizard (D:1)
  12 kobolds
  3 rats
487 creatures vanquished.

Vanquished Creatures (others)
  An orc wizard (D:9)
1 creature vanquished.

Grand Total: 488 creatures vanquished

Notes
Turn   | Place    | Note
-------+----------+-------------------------------------------
     0 | D:1      | spardeous the Felid Earth Elementalist began the quest for
                  | the Orb.
     0 | D:1      | Reached XP level 1. HP: 7/7 MP: 4/4
   269 | D:1      | Reached XP level 2. HP: 11/11 MP: 4/6
   549 | D:4      | Reached XP level 3. HP: 14/14 MP: 3/7
  1048 | D:4      | Noticed an ogre
  1078 | D:4      | Killed an ogre
  1079 | D:4      | Reached skill level 5 in Earth Magic
  1079 | D:4      | Reached XP level 4. HP: 18/18 MP: 3/8
  1233 | D:4      | Reached XP level 5. HP: 19/21 MP: 5/9
  1731 | D:5      | Entered Level 5 of the Dungeon
  1731 | D:5      | Found Bura's Assorted Antiques.
  1779 | D:5      | Mangled by a gnoll
  1780 | D:5      | Reached XP level 4. HP: -13/18 MP: 6/8
  1780 | D:5      | Found a hide-covered altar of Uskayaw.
  1780 | D:5      | Found an ornate altar of the Wu Jian Council.
  1791 | D:5      | Noticed a kobold brigand
  1797 | D:5      | Killed a kobold brigand
  1798 | D:5      | Reached XP level 5. HP: 14/21 MP: 3/9
  1855 | D:5      | Found an iron altar of Okawaru.
  1855 | D:5      | Found a stormy altar of Qazlal.
  1871 | D:5      | Found a snail-covered altar of Cheibriados.
  1980 | D:5      | Noticed an ice beast
  2015 | D:5      | Killed an ice beast
  2016 | D:5      | Gained mutation: You are covered in thick fur. (AC +2)
                  | [Felid growth]
  2016 | D:5      | Reached XP level 6. HP: 24/24 MP: 7/10
  2067 | D:5      | Found a staircase to the Ecumenical Temple.
  2079 | Temple   | Entered the Ecumenical Temple
  2261 | D:5      | Found Ymeph's Distillery.
  2287 | D:5      | Found Mubrunu's Antique Armour Shoppe.
  2551 | D:3      | Found a faded altar of an unknown god.
  2830 | D:3      | Found an opulent altar of Gozag.
  3346 | D:5      | Bought a potion of flight for 33 gold pieces
  3437 | D:3      | Became a worshipper of Gozag Ym Sagoz the Greedy
  3542 | D:2      | Reached XP level 7. HP: 27/27 MP: 9/11
  3898 | D:2      | Noticed Sigmund
  3923 | D:2      | Killed Sigmund
  4194 | D:2      | Learned a level 3 spell: Stone Arrow
  5698 | D:5      | Found Corusaku's Magic Scroll Shop.
  5790 | D:5      | Bought a scroll of identify for 24 gold pieces
  5890 | D:6      | Noticed a two-headed ogre
  5945 | D:6      | Killed a two-headed ogre
  5946 | D:6      | Reached skill level 5 in Dodging
  5946 | D:6      | Reached XP level 8. HP: 31/31 MP: 8/12
  5949 | D:6      | Reached skill level 6 in Dodging
  6040 | D:6      | Noticed Menkaure
  6077 | D:6      | Killed Menkaure
  6121 | D:6      | Reached skill level 7 in Dodging
  6744 | D:5      | Bought a potion of mutation for 88 gold pieces
  6870 | D:7      | Noticed Joseph
  7601 | D:7      | Reached XP level 9. HP: 34/34 MP: 10/13
  7685 | D:7      | Reached skill level 8 in Dodging
  7685 | D:7      | Reached skill level 5 in Conjurations
  7771 | D:7      | Noticed Maggie
  8384 | D:7      | Reached skill level 9 in Dodging
  8490 | D:7      | Learned a level 4 spell: Petrify
  8693 | D:8      | Found a blossoming altar of Fedhas.
  9130 | D:8      | Noticed a two-headed ogre
  9148 | D:8      | Killed a two-headed ogre
  9149 | D:8      | Reached skill level 10 in Dodging
  9641 | D:8      | Noticed a two-headed ogre
  9687 | D:8      | Killed a two-headed ogre
  9688 | D:8      | Reached skill level 11 in Dodging
  9688 | D:8      | Reached XP level 10. HP: 37/37 MP: 14/18
 10439 | D:9      | Reached skill level 5 in Spellcasting
 10726 | D:9      | Found a staircase to the Lair.
 10897 | D:9      | Noticed a centaur warrior
 11939 | D:9      | Shot with an arrow by a centaur warrior
 11940 | D:9      | Reached XP level 9. HP: -21/34 MP: 16/18
 12207 | D:9      | Noticed a two-headed ogre
 12233 | D:9      | Killed a two-headed ogre
 12234 | D:9      | Reached XP level 10. HP: 37/37 MP: 14/20
 12372 | D:9      | Slain by a centaur warrior
 12373 | D:9      | Reached XP level 9. HP: -5/34 MP: 13/19
 12394 | D:9      | Killed a centaur warrior
 12908 | D:7      | Killed Maggie
 12909 | D:7      | Reached skill level 10 in Earth Magic
 13438 | D:7      | Killed Joseph
 13439 | D:7      | Reached XP level 10. HP: 24/35 MP: 16/21
 13745 | D:10     | Entered Level 10 of the Dungeon
 13825 | D:10     | Found Zaass's Assorted Antiques.
 13844 | D:10     | Noticed a gargoyle
 13861 | D:10     | Killed a gargoyle
 13903 | D:10     | Bought a scroll labelled QYALEA CEPAL for 29 gold pieces
 13903 | D:10     | Bought a scroll labelled OJATZY TIOCSEC for 29 gold pieces
 13950 | D:10     | Reached skill level 1 in Fighting
 14287 | D:10     | Noticed a gargoyle
 14311 | D:10     | Killed a gargoyle
 14558 | Lair:1   | Entered Level 1 of the Lair of Beasts
 14562 | Lair:1   | Noticed a cane toad
 14578 | Lair:1   | Killed a cane toad
 14591 | Lair:1   | Noticed a black mamba
 14601 | Lair:1   | Killed a black mamba
 14722 | Lair:1   | Noticed a cane toad
 14730 | Lair:1   | Killed a cane toad
 14933 | Lair:1   | Found a hide-covered altar of Uskayaw.
 14933 | Lair:1   | Found an ornate altar of the Wu Jian Council.
 14933 | Lair:1   | Noticed a boulder beetle
 15052 | Lair:1   | Reached skill level 1 in Unarmed Combat
 15189 | Lair:2   | Reached XP level 11. HP: 45/45 MP: 19/23
 15310 | Lair:2   | Reached skill level 5 in Unarmed Combat
 15339 | Lair:2   | Noticed an eight-headed hydra
 15353 | Lair:2   | Killed an eight-headed hydra
 15934 | Lair:2   | Found a hole to the Spider Nest.
 16323 | Lair:2   | Reached skill level 10 in Spellcasting
 16425 | Lair:1   | Noticed a boulder beetle
 16455 | Lair:1   | Killed a boulder beetle
 16562 | Lair:1   | You fall into a shaft and drop 1 floor!
 17124 | Lair:1   | Killed a boulder beetle
 17125 | Lair:1   | Gained mutation: Your thick and shaggy fur keeps you warm.
                  | (AC +3, rC+) [Felid growth]
 17125 | Lair:1   | Reached XP level 12. HP: 48/48 MP: 13/27
 17544 | D:9      | Learned a level 3 spell: Spider Form
 17681 | Lair:3   | Found a frozen archway.
 17932 | Lair:3   | Reached skill level 12 in Dodging
 17972 | Lair:3   | Reached skill level 5 in Stealth
 18029 | IceCv    | Entered an ice cave
 18345 | IceCv    | Reached skill level 5 in Fighting
 19335 | Lair:3   | Reached skill level 5 in Transmutations
 19577 | Lair:3   | Learned a level 5 spell: Borgnjor's Vile Clutch
 19644 | Lair:3   | Found a staircase to the Shoals.
 19960 | Lair:3   | Noticed a catoblepas
 19979 | Lair:3   | Killed a catoblepas
 19980 | Lair:3   | Reached XP level 13. HP: 43/57 MP: 26/28
 20451 | Lair:4   | Found a viscous altar of Jiyva.
 20451 | Lair:4   | Found a staircase to the Slime Pits.
 21992 | Lair:4   | Gained mutation: You occasionally lose the ability to drink
                  | potions when taking damage. [potion of mutation]
 21992 | Lair:4   | Gained mutation: Your muscles are strong. (Str +4, Int/Dex
                  | -1) [potion of mutation]
 21993 | Lair:4   | Lost mutation: Your muscles are strong. (Str +4, Int/Dex
                  | -1) [potion of mutation]
 21993 | Lair:4   | Lost mutation: You occasionally lose the ability to drink
                  | potions when taking damage. [potion of mutation]
 21993 | Lair:4   | Gained mutation: Potions are less effective at restoring
                  | your health. [potion of mutation]
 21993 | Lair:4   | Gained mutation: You have a pair of small antennae on your
                  | head. [potion of mutation]
 22163 | Lair:5   | Entered Level 5 of the Lair of Beasts
 22181 | Lair:5   | Reached skill level 1 in Necromancy
 22837 | Lair:5   | Reached skill level 5 in Necromancy
 23069 | Lair:5   | Reached skill level 13 in Dodging
 23171 | Lair:5   | Noticed Josephine
 23184 | Lair:5   | Killed from afar by Josephine
 23185 | Lair:5   | Reached XP level 12. HP: -6/47 MP: 27/36
 23710 | Lair:5   | Reached skill level 14 in Dodging
 23827 | Lair:5   | Killed Josephine
 24047 | Lair:5   | Reached XP level 13. HP: 57/57 MP: 24/28
 24076 | Lair:5   | Found a burning altar of Makhleb.
 24420 | Lair:5   | Reached skill level 10 in Conjurations
 24492 | Lair:5   | Found a gateway to Hell.
 24673 | D:9      | Bought the Papyrus of Petrified Geometries for 704 gold
                  | pieces
 24684 | D:9      | Learned a level 6 spell: Statue Form
 24786 | D:11     | Paralysed by an ogre mage for 2 turns
 24874 | D:11     | Noticed RivsDCSS's ghost (journeyman GrFi)
 24908 | D:11     | Noticed Nergalle
 24942 | D:11     | Killed Nergalle
 25086 | D:11     | Noticed Erolcha
 25090 | D:11     | Killed Erolcha
 25138 | D:11     | Found a transporter.
 25140 | D:11     | Found a transporter.
 25300 | D:11     | Identified the +1 ring mail of Xodostrar {Rampage}
 25414 | D:11     | Reached skill level 10 in Transmutations
 26037 | D:12     | Noticed Jorgrun
 26070 | D:12     | Killed Jorgrun
 26297 | D:12     | Found a staircase to the Orcish Mines.
 26305 | D:12     | Noticed Lodul
 26343 | D:12     | Killed Lodul
 26543 | D:12     | Got Sif Muna's Starting Gnosis
 26826 | D:12     | Noticed Azrael
 26833 | D:12     | Killed from afar by a hell hound

Illustrated notes

Levels and vault maps discovered:
D:1:      wheals_arrival_linesprint, layout_basic, minmay_misc_feat_square,
          hangedman_decor_growths, minmay_stone_trees_small
D:2:      layout_basic, uniq_sigmund
D:3:      cheibrodos_greedy_goblins, layout_basic, general_overflow_altar,
          hellmonk_ecumenical_altar_blasted
D:4:      layout_loops_ring, serial_forest, infiniplex_forest_corner_1,
          infiniplex_forest_lined_corner, infiniplex_forest_corner_1,
          infiniplex_forest_clump_curved, infiniplex_forest_straight_2,
          infiniplex_forest_zigzag_1, infiniplex_forest_split,
          infiniplex_forest_straight_4, minivault_11
D:5:      layout_basic, nicolae_overflow_hallway_of_the_gods,
          minmay_temple_entry_arrows, serial_shops, nicolae_stop_n_shop_1,
          nicolae_shop_advertising_works [nicolae_subvault_shop_adworks],
          nicolae_shop_industrial_runoff, shop, st_stairs_13
D:6:      layout_loops_ring, grunt_decor_junction, minmay_misc_feat_enclosed,
          uniq_menkaure
D:7:      layout_gridville, uniq_joseph, uniq_maggie
D:8:      layout_layer_cave, mainiacjoe_overflow_chevrons, minmay_misc_feat_tiny
D:9:      minmay_bloctagon, layout_irregular_city, lair_entry_dummy,
          serial_column_ruins, column_ruins_hut_ruined, column_ruins_grid_1,
          column_ruins_corridor_corner, column_ruins_corridor_straight,
          column_ruins_open_medium, column_ruins_open_small
D:10:     layout_rooms, serial_shops, shop, nicolae_elevator_lobby_asterisk
D:11:     layout_loops_ring, gammafunk_ghost_arena, kennysheep_path_1,
          uniq_erolcha, uniq_nergalle
D:12:     layout_irregular_city, orc_0_dummy, uniq_lodul, uniq_jorgrun,
          uniq_azrael
Temple:   nicolae_temple_superstar
Lair:1:   layout_cave_pods, nzn_masters_of_martial_movement, grunt_megastairs_3
Lair:2:   layout_roguey, spider_nest_entry_webs, infiniplex_staircase_pool_2
Lair:3:   layout_regular_city, elwin_shoals_entry_rooms,
          portal_ice_cave_entry_imps, hangedman_lair_generics_rect
Lair:4:   layout_layer_cave, slime_entry_1, nicolae_lair_liquid_snakes
Lair:5:   evil_forest, layout_long_grid, uniq_josephine

Skill      XL: |  1  2  3  4  5  6  7  8  9 10 11 12 13 |
---------------+----------------------------------------+-----
Earth Magic    | 3 5 6 7 8 10 9 11 | 11.0
Dodging        | 5 7 11 14 13 | 14.0
Conjurations   | 3 4 8 7 9 10 | 10.0
Spellcasting   | 7 5 10 | 10.0
Fighting       | 3 7 |  7.0
Unarmed Combat | 2 5 |  5.0
Transmutations | 4 5 11 | 11.5
Stealth        | 5 |  5.1
Necromancy     | 5 |  5.2

Action                     |  1- 3 |  4- 6 |  7- 9 | 10-12 | 13-15 || total
---------------------------+-------+-------+-------+-------+-------++-------
  Melee: Unarmed           |       |       |       |    25 |    15 ||    40
         Bite              |       |       |       |     7 |     4 ||    11
         Punch             |       |       |       |     1 |       ||     1
   Cast: Sandblast         |    33 |    80 |   219 |   105 |    20 ||   457
         Stone Arrow       |       |       |    34 |   421 |   312 ||   767
         Petrify           |       |       |     3 |    16 |     5 ||    24
 Invoke: Call Merchant     |       |       |       |     2 |     2 ||     4
    Use: Potion            |       |     7 |     4 |     8 |     3 ||    22
         Scroll            |       |       |     5 |    14 |     2 ||    21
   Stab: Petrified         |       |       |       |    23 |    12 ||    35
 Armour: Skin              |       |     1 |     1 |    10 |     9 ||    21
  Dodge: Dodged            |    14 |    13 |    69 |   192 |   128 ||   416
